MLB
BOSTON RED SOX @ PITTSBURGH PIRATES
07/04/2020
 
TOP OF THE 1ST
Boston Red Sox batting - Pitching for Pittsburgh Pirates : RHP Mitch Keller
Pitching: RHP Mitch Keller
Batting: LHB Tzu-Wei Lin 0-0: Called Strike
0-1: Ball
1-1: Called Strike
1-2: Ball
2-2: Ball
3-2: Base on Balls
Batting: RHB J.D. Martinez 0-0: Foul Ball, location: 2F
0-1: Ball
1-1: Ball
2-1: Swinging Strike
2-2: Fielders Choice at 2nd, 6-4 (Groundball, 6, EV 86.3 MPH)
Batting: LHB Rafael Devers 0-0: Called Strike
0-1: Ball
1-1: Ball
2-1: Ball
3-1: Grounds into double play, 4-6-3 (Groundball, 4, EV 84.4 MPH)
Top of the 1st over - 0 runs, 0 hits, 0 errors, 0 left on base; Boston 0 - Pittsburgh 0
BOTTOM OF THE 1ST
Pittsburgh Pirates batting - Pitching for Boston Red Sox : RHP Nathan Eovaldi
Pitching: RHP Nathan Eovaldi
Batting: LHB Jarrod Dyson 0-0: Ball
1-0: Called Strike
1-1: Ball
2-1: Foul Ball, location: 2F
2-2: Ground out U3 (Groundball, 3L, EV 84.4 MPH)
Batting: LHB Adam Frazier 0-0: Called Strike
0-1: Ball
1-1: Ball
2-1: DOUBLE (Flyball, 8LXD, EV 105.6 MPH)
Batting: SHB Bryan Reynolds 0-0: Swinging Strike
0-1: Ball
1-1: Foul Ball, location: 2F
1-2: Ball
2-2: Ground out 4-3 (Groundball, 34, EV 83.1 MPH)
Adam Frazier to third
Batting: SHB Josh Bell 0-0: Foul Ball, location: 2F
0-1: Foul Ball, location: 2F
0-2: Ground out 4-3 (Groundball, 4, EV 85.0 MPH)
Bottom of the 1st over - 0 runs, 1 hit, 0 errors, 1 left on base; Boston 0 - Pittsburgh 0
TOP OF THE 2ND
Boston Red Sox batting - Pitching for Pittsburgh Pirates : RHP Mitch Keller
Batting: LHB Alex Verdugo 0-0: Called Strike
0-1: SINGLE (Groundball, 6D, EV 95.0 MPH)
Batting: RHB Xander Bogaerts 0-0: Called Strike
0-1: Ball
1-1: Grounds into double play, 4-6-3 (Groundball, 4, EV 85.0 MPH)
Batting: LHB Mitch Moreland 0-0: Called Strike
0-1: Ball
1-1: Foul Ball, location: 2F
1-2: Ball
2-2: Ground out U3 (Groundball, 34, EV 103.1 MPH)
Top of the 2nd over - 0 runs, 1 hit, 0 errors, 0 left on base; Boston 0 - Pittsburgh 0
BOTTOM OF THE 2ND
Pittsburgh Pirates batting - Pitching for Boston Red Sox : RHP Nathan Eovaldi
Batting: LHB Gregory Polanco 0-0: Ball
1-0: Ball
2-0: Called Strike
2-1: Called Strike
2-2: Ground out U3 (Groundball, 3, EV 96.3 MPH)
Batting: RHB Jacob Stallings 0-0: Called Strike
0-1: Ball
1-1: Called Strike
1-2: Strikes out looking
Batting: LHB JT Riddle 0-0: Ball
1-0: Called Strike
1-1: Called Strike
1-2: Foul Ball, location: 2F
1-2: Ball
2-2: Fly out, F4 (Popup, 3S, EV 91.9 MPH)
Bottom of the 2nd over - 0 runs, 0 hits, 0 errors, 0 left on base; Boston 0 - Pittsburgh 0
TOP OF THE 3RD
Boston Red Sox batting - Pitching for Pittsburgh Pirates : RHP Mitch Keller
Batting: RHB Christian Vazquez 0-0: Ball
1-0: Foul Ball, location: 2F
1-1: Foul Ball, location: 2F
1-2: Ball
2-2: Foul Ball, location: 2F
2-2: Strikes out swinging
Batting: RHB Rusney Castillo 0-0: Foul Ball, location: 2F
0-1: Foul Ball, location: 2F
0-2: Ball
1-2: Ball
2-2: Reached on error, E5 (Groundball, 56, EV 81.9 MPH)
Batting: RHB Nathan Eovaldi 0-0: Sac Bunt to 25 - play at first, batter OUT! 5-4
Rusney Castillo to second
Batting: LHB Tzu-Wei Lin 0-0: Called Strike
0-1: SINGLE (Flyball, 89S, EV 94.4 MPH)
Rusney Castillo to third
Throwing error, E9
Rusney Castillo scores
Tzu-Wei Lin to second
Batting: RHB J.D. Martinez 0-0: Called Strike
0-1: Swinging Strike
0-2: SINGLE (Line Drive, 78M, EV 94.4 MPH)
Tzu-Wei Lin to third
Runner from 3rd tries for Home, SAFE, throw by LF to home
Batting: LHB Rafael Devers 0-0: Called Strike
0-1: Ball
1-1: Foul Ball, location: 2F
1-2: Ball
2-2: Ball
3-2: Strikes out looking
Top of the 3rd over - 2 runs, 2 hits, 2 errors, 1 left on base; Boston 2 - Pittsburgh 0
BOTTOM OF THE 3RD
Pittsburgh Pirates batting - Pitching for Boston Red Sox : RHP Nathan Eovaldi
Batting: LHB Colin Moran 0-0: Ball
1-0: Called Strike
1-1: Foul Ball, location: 2F
1-2: Foul Ball, location: 2F
1-2: Foul Ball, location: 2F
1-2: Ball
2-2: Foul Ball, location: 2F
2-2: Foul Ball, location: 2F
2-2: Ball
3-2: DOUBLE (Flyball, 8LXD, EV 113.1 MPH)
Batting: RHB Mitch Keller 0-0: Sac Bunt to 13 - play at first, batter OUT! 1-4
Colin Moran to third
Batting: LHB Jarrod Dyson 0-0: Ball
1-0: Ball
2-0: Ball
3-0: Called Strike
3-1: Swinging Strike
3-2: Ground out 5-3 (Groundball, 56, EV 77.5 MPH)
Colin Moran scores
Batting: LHB Adam Frazier 0-0: Foul Ball, location: 2F
0-1: Ball
1-1: SINGLE (Line Drive, 89S, EV 92.5 MPH)
Batting: SHB Bryan Reynolds 0-0: Ball
1-0: Foul Ball, location: 2F
1-1: Fly out, F8 (Flyball, 8LD, EV 96.3 MPH)
Bottom of the 3rd over - 1 run, 2 hits, 0 errors, 1 left on base; Boston 2 - Pittsburgh 1
TOP OF THE 4TH
Boston Red Sox batting - Pitching for Pittsburgh Pirates : RHP Mitch Keller
Batting: LHB Alex Verdugo 0-0: Called Strike
0-1: Ground out 3-1 (Groundball, 34, EV 103.8 MPH)
Batting: RHB Xander Bogaerts 0-0: Foul Ball, location: 2F
0-1: Swinging Strike
0-2: Ball
1-2: Strikes out looking
Batting: LHB Mitch Moreland 0-0: Called Strike
0-1: Swinging Strike
0-2: Foul Ball, location: 2F
0-2: Foul Ball, location: 2F
0-2: Ball
1-2: Foul Ball, location: 2F
1-2: Strikes out swinging
Top of the 4th over - 0 runs, 0 hits, 0 errors, 0 left on base; Boston 2 - Pittsburgh 1
BOTTOM OF THE 4TH
Pittsburgh Pirates batting - Pitching for Boston Red Sox : RHP Nathan Eovaldi
Batting: SHB Josh Bell 0-0: Ball
1-0: Foul Ball, location: 2F
1-1: Foul Ball, location: 2F
1-2: Ball
2-2: Foul Ball, location: 2F
2-2: Foul Ball, location: 2F
2-2: Ball
3-2: Ground out 4-3 (Groundball, 34D, EV 110.6 MPH)
Batting: LHB Gregory Polanco 0-0: Foul Ball, location: 2F
0-1: Ball
1-1: Called Strike
1-2: Strikes out looking
Batting: RHB Jacob Stallings 0-0: Ground out 6-3 (Groundball, 6, EV 101.9 MPH)
Bottom of the 4th over - 0 runs, 0 hits, 0 errors, 0 left on base; Boston 2 - Pittsburgh 1
TOP OF THE 5TH
Boston Red Sox batting - Pitching for Pittsburgh Pirates : RHP Mitch Keller
Batting: RHB Christian Vazquez 0-0: SOLO HOME RUN (Flyball, 7LD, EV 104.4 MPH), Distance : 379 ft
Batting: RHB Rusney Castillo 0-0: Ball
1-0: Called Strike
1-1: Ground out 5-3 (Groundball, 56, EV 110.0 MPH)
Batting: RHB Nathan Eovaldi 0-0: Ball
1-0: Foul Ball, location: 2F
1-1: Ball
2-1: Swinging Strike
2-2: Ball
3-2: Strikes out swinging
Batting: LHB Tzu-Wei Lin 0-0: Fly out, F8 (Flyball, 8LM, EV 85.0 MPH)
Top of the 5th over - 1 run, 1 hit, 0 errors, 0 left on base; Boston 3 - Pittsburgh 1
BOTTOM OF THE 5TH
Pittsburgh Pirates batting - Pitching for Boston Red Sox : RHP Nathan Eovaldi
Batting: LHB JT Riddle 0-0: Ball
1-0: Called Strike
1-1: Ball
2-1: Foul Ball, location: 2F
2-2: Foul Ball, location: 2F
2-2: Ball
3-2: Foul Ball, location: 2F
3-2: Strikes out swinging
Batting: LHB Colin Moran 0-0: Ball
1-0: Ball
2-0: Ball
3-0: Base on Balls
Batting: RHB Mitch Keller 0-0: Sac Bunt to 15 - play at first, batter OUT! 1-4
Colin Moran to second
Batting: LHB Jarrod Dyson 0-0: Ground out 5-3 (Groundball, 56S, EV 68.8 MPH)
Bottom of the 5th over - 0 runs, 0 hits, 0 errors, 1 left on base; Boston 3 - Pittsburgh 1
TOP OF THE 6TH
Boston Red Sox batting - Pitching for Pittsburgh Pirates : RHP Mitch Keller
Batting: RHB J.D. Martinez 0-0: Ball
1-0: Swinging Strike
1-1: Called Strike
1-2: Ball
2-2: Foul Ball, location: 2F
2-2: Ball
3-2: Base on Balls
Batting: LHB Rafael Devers 0-0: Called Strike
0-1: Foul Ball, location: 2F
0-2: Strikes out looking
Batting: LHB Alex Verdugo 0-0: Ball
1-0: Ball
2-0: DOUBLE (Flyball, 8RXD, EV 90.6 MPH)
J.D. Martinez to third
Batting: RHB Xander Bogaerts 0-0: Called Strike
0-1: SINGLE (Groundball, 6D, EV 101.9 MPH)
J.D. Martinez scores
Alex Verdugo to third
Throwing error, E8
Alex Verdugo scores
Xander Bogaerts to second
Batting: LHB Mitch Moreland 0-0: Intentional Walk
Pitching: RHP Richard Rodriguez
Batting: RHB Christian Vazquez 0-0: Called Strike
0-1: Foul Ball, location: 2F
0-2: Ball
1-2: Strikes out looking
Batting: RHB Rusney Castillo 0-0: Fielders Choice at 2nd, 6-4 (Groundball, 6, EV 76.3 MPH)
Top of the 6th over - 2 runs, 2 hits, 1 error, 2 left on base; Boston 5 - Pittsburgh 1
BOTTOM OF THE 6TH
Pittsburgh Pirates batting - Pitching for Boston Red Sox : RHP Nathan Eovaldi
Batting: LHB Adam Frazier 0-0: Ball
1-0: Ground out 6-3 (Groundball, 6, EV 87.5 MPH)
Batting: SHB Bryan Reynolds 0-0: Foul Ball, location: 2F
0-1: Called Strike
0-2: Foul Ball, location: 2F
0-2: Foul Ball, location: 2F
0-2: Ball
1-2: Ground out 4-3 (Groundball, 4, EV 100.6 MPH)
Batting: SHB Josh Bell 0-0: Ball
1-0: Reached on error, E5 (Groundball, 56D, EV 96.9 MPH)
Batting: LHB Gregory Polanco 0-0: Fly out, F8 (Flyball, 8RXD, EV 95.6 MPH)
Bottom of the 6th over - 0 runs, 0 hits, 1 error, 1 left on base; Boston 5 - Pittsburgh 1
TOP OF THE 7TH
Boston Red Sox batting - Pitching for Pittsburgh Pirates : RHP Richard Rodriguez
Batting: RHB Nathan Eovaldi 0-0: Ball
1-0: Foul Ball, location: 2F
1-1: Swinging Strike
1-2: Ball
2-2: Ball
3-2: Strikes out looking
Batting: LHB Tzu-Wei Lin 0-0: Foul Ball, location: 2F
0-1: Ball
1-1: Foul Ball, location: 2F
1-2: Fly out, F8 (Flyball, 8LXD, EV 86.3 MPH)
Batting: RHB J.D. Martinez 0-0: Ball
1-0: Called Strike
1-1: Called Strike
1-2: DOUBLE (Line Drive, 78M, EV 91.9 MPH)
Batting: LHB Rafael Devers 0-0: Intentional Walk
Batting: LHB Alex Verdugo 0-0: Foul Ball, location: 2F
0-1: Ball
1-1: Fly out, F7 (Line Drive, 7, EV 108.1 MPH)
Top of the 7th over - 0 runs, 1 hit, 0 errors, 2 left on base; Boston 5 - Pittsburgh 1
BOTTOM OF THE 7TH
Pittsburgh Pirates batting - Pitching for Boston Red Sox : RHP Nathan Eovaldi
Now in LF: Andrew Benintendi
Batting: RHB Jacob Stallings 0-0: Ball
1-0: Ball
2-0: Called Strike
2-1: Swinging Strike
2-2: Strikes out looking
Batting: LHB JT Riddle 0-0: Ball
1-0: Called Strike
1-1: Ball
2-1: Ground out U3 (Groundball, 3S, EV 83.8 MPH)
Batting: LHB Colin Moran 0-0: Ball
1-0: Ball
2-0: Ball
3-0: Base on Balls
Pinch Hitting: RHB Kevin Newman 0-0: DOUBLE (Line Drive, 89M, EV 100.6 MPH)
Colin Moran to third
Runner from 3rd tries for Home, SAFE, throw by RF to trailing runner, OUT at third! 9-4-5
Bottom of the 7th over - 1 run, 1 hit, 0 errors, 0 left on base; Boston 5 - Pittsburgh 2
TOP OF THE 8TH
Boston Red Sox batting - Pitching for Pittsburgh Pirates : RHP Richard Rodriguez
Pitching: RHP Edgar Santana
Batting: RHB Xander Bogaerts 0-0: Called Strike
0-1: Foul Ball, location: 2F
0-2: Foul Ball, location: 2F
0-2: Ball
1-2: Ball
2-2: Foul Ball, location: 2F
2-2: Ball
3-2: SINGLE (Line Drive, 89M, EV 101.3 MPH)
Batting: LHB Mitch Moreland 0-0: Called Strike
0-1: Foul Ball, location: 2F
0-2: Foul Ball, location: 2F
0-2: Fly out, F9 (Line Drive, 9, EV 93.1 MPH)
Batting: RHB Christian Vazquez 0-0: Called Strike
0-1: Foul Ball, location: 2F
0-2: Grounds into double play, 6-4-3 (Groundball, 6M, EV 100.6 MPH)
Top of the 8th over - 0 runs, 1 hit, 0 errors, 0 left on base; Boston 5 - Pittsburgh 2
BOTTOM OF THE 8TH
Pittsburgh Pirates batting - Pitching for Boston Red Sox : RHP Nathan Eovaldi
Batting: LHB Jarrod Dyson 0-0: Called Strike
0-1: Ball
1-1: Foul Ball, location: 2F
1-2: Foul Ball, location: 2F
1-2: SINGLE (Groundball, 6MD, EV 96.3 MPH)
Pitching: RHP Ryan Brasier
Batting: LHB Adam Frazier 0-0: Ball
1-0: Fly out, F5 (Flyball, 5D, EV 73.8 MPH)
Batting: SHB Bryan Reynolds 0-0: Fly out, F9 (Line Drive, 9, EV 108.1 MPH)
Batting: SHB Josh Bell 0-0: Ball
1-0: SINGLE (Line Drive, 78M, EV 90.6 MPH)
Jarrod Dyson to second
Batting: LHB Gregory Polanco 0-0: Called Strike
0-1: Ball
1-1: Called Strike
1-2: Ball
2-2: Ball
3-2: Strikes out looking
Bottom of the 8th over - 0 runs, 2 hits, 0 errors, 2 left on base; Boston 5 - Pittsburgh 2
TOP OF THE 9TH
Boston Red Sox batting - Pitching for Pittsburgh Pirates : RHP Edgar Santana
Batting: RHB Rusney Castillo 0-0: Fly out, F8 (Flyball, 8LD, EV 107.5 MPH)
Pinch Hitting: RHB Bobby Dalbec 0-0: Called Strike
0-1: Ball
1-1: Ball
2-1: Called Strike
2-2: DOUBLE (Flyball, 89XD, EV 111.3 MPH)
Batting: LHB Tzu-Wei Lin 0-0: Ground out U3 (Groundball, 34S, EV 88.8 MPH)
Bobby Dalbec to third
Batting: LHB Andrew Benintendi 0-0: Called Strike
0-1: Ball
1-1: Fly out, F8 (Line Drive, 8LD, EV 100.6 MPH)
Top of the 9th over - 0 runs, 1 hit, 0 errors, 1 left on base; Boston 5 - Pittsburgh 2
BOTTOM OF THE 9TH
Pittsburgh Pirates batting - Pitching for Boston Red Sox : RHP Ryan Brasier
Pitching: RHP Matt Barnes
Batting: RHB Jacob Stallings 0-0: Fly out, F4 (Popup, 34S, EV 77.5 MPH)
Batting: LHB JT Riddle 0-0: Foul Ball, location: 2F
0-1: Ball
1-1: Called Strike
1-2: Foul Ball, location: 2F
1-2: Fly out, F8 (Flyball, 78D, EV 98.1 MPH)
Batting: LHB Colin Moran 0-0: Ball
1-0: Ball
2-0: Called Strike
2-1: Foul Ball, location: 2F
2-2: Ball
3-2: Base on Balls
Pinch Hitting: LHB Kevin Kramer 0-0: Called Strike
0-1: Called Strike
0-2: Ball
1-2: Foul Ball, location: 2F
1-2: Ball
2-2: Fly out, F8 (Flyball, 89XD, EV 103.8 MPH)
Bottom of the 9th over - 0 runs, 0 hits, 0 errors, 1 left on base; Boston 5 - Pittsburgh 2
Friday, July 10th, 2020 - OOTP Baseball 21.4 Build 63